Get step-by-step instructions on how to execute this build order below. Start the game timer, and the build order will tick by so you can play in parallel with StarCraft on a second screen or mobile device.

Game Time

  0:00

Last Step

  N/A

Next Step

Upcoming Step



Don't want to look back and forth between 2 screens? Try out our Overwolf App, the Spawning Tool Build Advisor to get an in-game overlay with this build!

Complete Build Order

  12  1:01  Pylon  
  12  1:03  Pylon  
  12  20:43  Assimilator  
  12  20:44  Assimilator  
  12  38:33  Gateway x2  
  12  38:34  Gateway  
  12  38:35  Pylon x2  
  12  38:44  Assimilator  
  12  38:47  Nexus  
  12  38:48  Assimilator  
  12  39:22  Cybernetics Core  
  12  39:30  Pylon x2  
  12  39:31  Pylon  
  12  39:32  Pylon